[ AOE2 MATCH · #489504367 ]
UnrankedSpanish vs Dravidians
[ REPLAY ANALYSIS · EXTRACTED FROM THE RECORDED GAME ]
Feudal
9:07
Castle
21:32
Imperial
—
| APM avg | 42.7 |
| APM peak | 70 |
| eAPM avg | 16.9 |
| Villagers / military | 83 / 56 |
Focus
⚔️ 34.5% · 🌾 65.5%
Cavalry Archer ×37 · Archer ×17 · Mangonel ×1 · Spearman ×1
Feudal
9:27
Castle
24:18
Imperial
—
| APM avg | 37.4 |
| APM peak | 73 |
| eAPM avg | 13.8 |
| Villagers / military | 80 / 78 |
Focus
⚔️ 35.8% · 🌾 64.2%
Knight ×58 · Scout Cavalry ×20
Feudal
8:56
Castle
21:50
Imperial
—
| APM avg | 62.0 |
| APM peak | 88 |
| eAPM avg | 27.6 |
| Villagers / military | 100 / 70 |
Focus
⚔️ 57.9% · 🌾 42.1%
Archer ×70
Feudal
8:26
Castle
27:44
Imperial
—
| APM avg | 45.1 |
| APM peak | 90 |
| eAPM avg | 18.8 |
| Villagers / military | 68 / 74 |
Focus
⚔️ 52.1% · 🌾 47.9%
Scout Cavalry ×39 · Knight ×35
Feudal
9:07
Castle
26:29
Imperial
—
| APM avg | 45.7 |
| APM peak | 101 |
| eAPM avg | 22.2 |
| Villagers / military | 90 / 57 |
Focus
⚔️ 41.3% · 🌾 58.7%
Knight ×34 · Scout Cavalry ×21 · Spearman ×2
Feudal
9:16
Castle
27:35
Imperial
—
| APM avg | 50.5 |
| APM peak | 100 |
| eAPM avg | 21.7 |
| Villagers / military | 65 / 77 |
Focus
⚔️ 31.7% · 🌾 68.3%
Archer ×51 · Cavalry Archer ×21 · Militia ×5
Feudal
9:19
Castle
23:05
Imperial
—
| APM avg | 64.2 |
| APM peak | 112 |
| eAPM avg | 27.2 |
| Villagers / military | 118 / 98 |
Focus
⚔️ 40.5% · 🌾 59.5%
Knight ×75 · Scout Cavalry ×20 · Camel Scout ×2 · Militia ×1
Feudal
8:29
Castle
24:57
Imperial
—
| APM avg | 66.8 |
| APM peak | 125 |
| eAPM avg | 33.6 |
| Villagers / military | 63 / 100 |
Focus
⚔️ 72.7% · 🌾 27.3%
Archer ×98 · Spearman ×2
Match map
Initial resources + every placement click. Lines = walls · curves = elevation contours. ◆ gold · ⬟ stone · ● berries · ✦ relic · ◌ wall gap
Your base· Open — unwalled flank
Tarkha's base· Open — unwalled flank
DS_TheHeartless's base· ✓ Closed at 21:50 · 31t walls · 1 gate(s)
T1m's base· Open — 6t gap
DS_RJP's base· ✓ Closed at 26:29 · 63t walls · 1 gate(s)
_The_Lion's base· Open — 3t gap
DL | Tortafuller's base· ✓ Closed at 23:05 · 46t walls · no gate
DS_Moai's base· ✓ Closed at 24:57 · 46t walls · 1 gate(s)
Smoothed initial terrain · ◌ = detected wall gap · hover for details
Inputs per minute
— NachoMontes - - Tarkha
Build order — NachoMontes
First 150 of 230 actions detected
| 0:01 | Create | Villager (Male) |
| 0:01 | Create | Villager (Male) |
| 0:03 | Build | House |
| 0:05 | Build | House |
| 0:07 | Create | Villager (Male) |
| 0:09 | Create | Villager (Male) |
| 1:28 | Create | Villager (Male) |
| 1:47 | Build | Lumber Camp |
| 2:00 | Create | Villager (Male) |
| 2:14 | Create | Villager (Male) |
| 2:46 | Create | Villager (Male) |
| 3:05 | Create | Villager (Male) |
| 3:35 | Create | Villager (Male) |
| 3:37 | Build | House |
| 4:26 | Create | Villager (Male) |
| 4:31 | Create | Villager (Male) |
| 4:37 | Create | Villager (Male) |
| 4:44 | Create | Villager (Male) |
| 5:51 | Build | Barracks |
| 5:52 | Create | Villager (Male) |
| 5:54 | Research | Loom |
| 6:34 | Build | House |
| 6:39 | Build | House |
| 6:44 | Research | Feudal Age |
| 7:23 | Build | Mining Camp |
| 7:28 | Create | Villager (Male) |
| 9:07 | Age | Feudal Age |
| 9:09 | Build | Archery Range |
| 9:12 | Research | Double-Bit Axe |
| 9:12 | Create | Villager (Male) |
| 9:32 | Build | Archery Range |
| 9:48 | Build | Mill |
| 9:54 | Build | Palisade Wall |
| 10:08 | Build | House |
| 10:10 | Create | Archer |
| 10:13 | Create | Archer |
| 10:25 | Create | Villager (Male) |
| 10:28 | Create | Archer |
| 10:35 | Build | Palisade Wall |
| 10:36 | Create | Archer |
| 10:53 | Create | Archer |
| 11:01 | Create | Villager (Male) |
| 11:02 | Create | Archer |
| 11:29 | Build | Farm |
| 11:30 | Create | Villager (Male) |
| 11:33 | Build | House |
| 11:47 | Create | Archer |
| 11:47 | Create | Archer |
| 11:58 | Create | Archer |
| 12:16 | Create | Villager (Male) |
| 12:24 | Create | Archer |
| 12:24 | Create | Archer |
| 12:28 | Build | Farm |
| 12:33 | Build | Blacksmith |
| 12:40 | Create | Villager (Male) |
| 12:47 | Create | Archer |
| 12:52 | Build | House |
| 13:02 | Create | Villager (Male) |
| 13:02 | Create | Villager (Male) |
| 13:05 | Create | Archer |
| 13:15 | Build | House |
| 13:39 | Build | Market |
| 13:44 | Research | Fletching |
| 13:52 | Create | Archer |
| 14:02 | Create | Villager (Male) |
| 14:02 | Create | Archer |
| 14:14 | Create | Archer |
| 14:15 | Create | Archer |
| 14:19 | Build | House |
| 14:32 | Build | House |
| 14:42 | Create | Villager (Male) |
| 14:50 | Create | Villager (Male) |
| 15:03 | Build | Farm |
| 15:04 | Build | Farm |
| 15:17 | Create | Villager (Male) |
| 15:20 | Build | Palisade Wall |
| 15:30 | Build | Farm |
| 15:47 | Research | Padded Archer Armor |
| 15:56 | Build | House |
| 16:02 | Create | Villager (Male) |
| 16:08 | Build | Farm |
| 16:13 | Create | Villager (Male) |
| 16:13 | Create | Villager (Male) |
| 16:22 | Create | Villager (Male) |
| 16:26 | Create | Villager (Male) |
| 16:29 | Build | House |
| 16:31 | Build | House |
| 16:40 | Create | Villager (Male) |
| 17:03 | Create | Villager (Male) |
| 17:18 | Build | Farm |
| 17:20 | Build | Farm |
| 17:21 | Create | Villager (Male) |
| 17:54 | Build | Palisade Gate |
| 17:56 | Build | Palisade Wall |
| 18:00 | Build | Farm |
| 18:01 | Build | Farm |
| 18:01 | Create | Villager (Male) |
| 18:23 | Build | House |
| 18:52 | Research | Castle Age |
| 19:02 | Build | House |
| 19:03 | Build | House |
| 19:14 | Build | Lumber Camp |
| 19:40 | Create | Villager (Male) |
| 19:50 | Create | Villager (Male) |
| 19:55 | Create | Villager (Male) |
| 20:05 | Build | Archery Range |
| 20:19 | Build | Mining Camp |
| 20:21 | Create | Villager (Male) |
| 20:25 | Create | Villager (Male) |
| 21:26 | Build | Market |
| 21:32 | Age | Castle Age |
| 21:34 | Build | Siege Workshop |
| 21:36 | Create | Villager (Male) |
| 21:58 | Create | Mangonel |
| 22:14 | Research | Bow Saw |
| 22:39 | Research | Wheelbarrow |
| 22:51 | Research | Town Watch |
| 23:01 | Create | Cavalry Archer |
| 23:13 | Create | Cavalry Archer |
| 23:15 | Create | Spearman |
| 23:34 | Build | Archery Range |
| 23:38 | Build | Town Center |
| 24:00 | Build | Farm |
| 24:01 | Create | Villager (Male) |
| 24:03 | Build | Farm |
| 24:05 | Build | Farm |
| 24:05 | Create | Cavalry Archer |
| 24:06 | Create | Villager (Male) |
| 24:12 | Create | Cavalry Archer |
| 24:27 | Create | Cavalry Archer |
| 24:29 | Create | Villager (Male) |
| 24:44 | Create | Villager (Male) |
| 24:45 | Create | Cavalry Archer |
| 24:53 | Build | Archery Range |
| 25:00 | Build | Farm |
| 25:02 | Build | Farm |
| 25:03 | Build | Farm |
| 25:07 | Create | Villager (Male) |
| 25:09 | Create | Villager (Male) |
| 25:12 | Build | Mining Camp |
| 26:00 | Research | Bodkin Arrow |
| 26:02 | Create | Cavalry Archer |
| 26:02 | Create | Cavalry Archer |
| 26:17 | Create | Cavalry Archer |
| 26:21 | Build | Palisade Gate |
| 26:26 | Create | Villager (Male) |
| 26:26 | Create | Villager (Male) |
| 26:30 | Create | Villager (Male) |
| 26:31 | Create | Cavalry Archer |
| 26:44 | Create | Cavalry Archer |
Build order — Tarkha
First 150 of 249 actions detected
| 0:01 | Create | Villager (Male) |
| 0:01 | Create | Villager (Male) |
| 0:02 | Create | Villager (Male) |
| 0:02 | Create | Villager (Male) |
| 0:02 | Create | Villager (Male) |
| 0:03 | Build | House |
| 0:05 | Build | House |
| 1:38 | Create | Villager (Male) |
| 1:55 | Build | Lumber Camp |
| 2:04 | Create | Villager (Male) |
| 2:30 | Create | Villager (Male) |
| 2:58 | Create | Villager (Male) |
| 2:59 | Create | Villager (Male) |
| 3:21 | Create | Villager (Male) |
| 3:27 | Build | House |
| 3:43 | Create | Villager (Male) |
| 3:43 | Create | Villager (Male) |
| 4:13 | Create | Villager (Male) |
| 4:17 | Create | Villager (Male) |
| 4:58 | Create | Villager (Male) |
| 4:58 | Create | Villager (Male) |
| 5:31 | Build | Mill |
| 5:36 | Create | Villager (Male) |
| 6:14 | Research | Loom |
| 6:43 | Create | Villager (Male) |
| 7:17 | Research | Feudal Age |
| 7:25 | Build | Barracks |
| 7:27 | Build | House |
| 8:31 | Build | House |
| 9:11 | Build | House |
| 9:16 | Create | Villager (Male) |
| 9:16 | Create | Villager (Male) |
| 9:27 | Age | Feudal Age |
| 9:31 | Build | Stable |
| 9:44 | Research | Double-Bit Axe |
| 9:45 | Research | Horse Collar |
| 10:09 | Create | Villager (Male) |
| 10:12 | Build | Farm |
| 10:14 | Build | Farm |
| 10:23 | Create | Scout Cavalry |
| 10:28 | Create | Villager (Male) |
| 10:30 | Create | Scout Cavalry |
| 10:37 | Build | House |
| 10:38 | Build | House |
| 10:44 | Create | Villager (Male) |
| 10:52 | Build | Farm |
| 11:02 | Create | Scout Cavalry |
| 11:05 | Build | Farm |
| 11:23 | Create | Villager (Male) |
| 11:26 | Build | Farm |
| 11:34 | Build | Farm |
| 11:43 | Create | Villager (Male) |
| 11:48 | Build | Farm |
| 12:08 | Create | Villager (Male) |
| 12:30 | Create | Scout Cavalry |
| 12:35 | Build | Farm |
| 12:38 | Build | Farm |
| 12:40 | Build | Farm |
| 12:44 | Build | Farm |
| 12:46 | Create | Villager (Male) |
| 12:54 | Build | Farm |
| 12:59 | Create | Villager (Male) |
| 13:09 | Create | Scout Cavalry |
| 13:14 | Create | Villager (Male) |
| 13:14 | Create | Villager (Male) |
| 13:19 | Build | Farm |
| 13:29 | Create | Villager (Male) |
| 13:33 | Build | Blacksmith |
| 13:41 | Create | Scout Cavalry |
| 13:59 | Create | Villager (Male) |
| 14:03 | Build | Farm |
| 14:06 | Build | Farm |
| 14:09 | Create | Scout Cavalry |
| 14:22 | Create | Villager (Male) |
| 14:35 | Build | Farm |
| 14:37 | Build | Farm |
| 14:44 | Build | House |
| 14:45 | Build | House |
| 14:50 | Research | Scale Barding Armor |
| 14:51 | Create | Villager (Male) |
| 14:58 | Create | Villager (Male) |
| 15:15 | Create | Scout Cavalry |
| 15:17 | Create | Villager (Male) |
| 15:23 | Build | House |
| 15:24 | Build | House |
| 15:27 | Build | Farm |
| 15:29 | Build | Farm |
| 15:35 | Build | House |
| 15:37 | Build | House |
| 15:46 | Build | House |
| 16:12 | Create | Scout Cavalry |
| 16:12 | Create | Villager (Male) |
| 16:16 | Create | Scout Cavalry |
| 16:30 | Create | Villager (Male) |
| 16:57 | Create | Scout Cavalry |
| 17:16 | Create | Villager (Male) |
| 17:19 | Create | Scout Cavalry |
| 17:44 | Create | Villager (Male) |
| 17:54 | Build | Mining Camp |
| 18:06 | Create | Scout Cavalry |
| 18:07 | Create | Villager (Male) |
| 18:10 | Research | Forging |
| 18:19 | Build | Farm |
| 18:30 | Create | Villager (Male) |
| 18:41 | Create | Scout Cavalry |
| 18:56 | Create | Villager (Male) |
| 18:58 | Build | Farm |
| 19:04 | Build | Farm |
| 19:11 | Create | Scout Cavalry |
| 19:14 | Create | Villager (Male) |
| 19:42 | Build | Palisade Wall |
| 19:46 | Create | Villager (Male) |
| 20:14 | Create | Scout Cavalry |
| 20:14 | Create | Villager (Male) |
| 20:23 | Build | Market |
| 20:42 | Build | House |
| 20:43 | Build | House |
| 20:48 | Create | Villager (Male) |
| 21:13 | Create | Villager (Male) |
| 21:30 | Research | Castle Age |
| 22:10 | Create | Scout Cavalry |
| 22:23 | Create | Scout Cavalry |
| 22:23 | Create | Scout Cavalry |
| 22:42 | Create | Scout Cavalry |
| 23:11 | Build | Stable |
| 23:20 | Research | Gold Mining |
| 23:30 | Build | Stone Wall |
| 23:32 | Build | Stone Wall |
| 23:33 | Build | Stone Wall |
| 23:59 | Build | Farm |
| 24:01 | Create | Villager (Male) |
| 24:04 | Build | Stable |
| 24:06 | Build | Farm |
| 24:18 | Age | Castle Age |
| 24:21 | Create | Knight |
| 24:22 | Create | Knight |
| 24:24 | Research | Husbandry |
| 24:25 | Research | Chain Barding Armor |
| 24:43 | Create | Villager (Male) |
| 24:52 | Create | Knight |
| 24:52 | Create | Knight |
| 24:52 | Create | Knight |
| 24:54 | Build | Farm |
| 25:01 | Create | Knight |
| 25:08 | Create | Villager (Male) |
| 25:14 | Build | Farm |
| 25:20 | Create | Knight |
| 25:37 | Create | Villager (Male) |
| 25:39 | Create | Knight |
| 25:40 | Create | Knight |
Build order — DS_TheHeartless
First 150 of 291 actions detected
| 0:02 | Create | Villager (Male) |
| 0:03 | Build | House |
| 0:04 | Build | House |
| 0:09 | Create | Villager (Male) |
| 0:16 | Create | Villager (Male) |
| 0:36 | Create | Villager (Male) |
| 1:29 | Create | Villager (Male) |
| 2:01 | Create | Villager (Male) |
| 2:21 | Build | Lumber Camp |
| 2:24 | Create | Villager (Male) |
| 2:50 | Create | Villager (Male) |
| 3:11 | Create | Villager (Male) |
| 3:23 | Create | Villager (Male) |
| 3:42 | Create | Villager (Male) |
| 4:11 | Build | House |
| 4:15 | Research | Loom |
| 4:28 | Create | Villager (Male) |
| 4:57 | Create | Villager (Male) |
| 5:23 | Create | Villager (Male) |
| 5:52 | Create | Villager (Male) |
| 5:59 | Build | Mining Camp |
| 6:21 | Create | Villager (Male) |
| 6:32 | Build | House |
| 6:41 | Research | Feudal Age |
| 7:04 | Build | Palisade Wall |
| 7:05 | Build | Palisade Wall |
| 7:08 | Build | Palisade Wall |
| 7:28 | Build | Palisade Wall |
| 7:31 | Build | Palisade Wall |
| 8:03 | Build | Barracks |
| 8:10 | Build | Palisade Wall |
| 8:29 | Create | Villager (Male) |
| 8:56 | Age | Feudal Age |
| 8:58 | Build | Archery Range |
| 9:01 | Build | Archery Range |
| 9:04 | Research | Double-Bit Axe |
| 9:12 | Build | House |
| 9:14 | Build | Palisade Wall |
| 9:15 | Build | Palisade Wall |
| 9:22 | Create | Villager (Male) |
| 9:35 | Build | House |
| 9:39 | Build | Blacksmith |
| 9:51 | Create | Archer |
| 9:54 | Create | Villager (Male) |
| 9:58 | Create | Archer |
| 10:20 | Build | Palisade Wall |
| 10:23 | Build | Palisade Wall |
| 10:24 | Create | Villager (Male) |
| 10:33 | Build | Mill |
| 11:07 | Create | Archer |
| 11:09 | Create | Villager (Male) |
| 11:38 | Create | Archer |
| 11:43 | Create | Villager (Male) |
| 11:51 | Create | Archer |
| 11:53 | Build | Farm |
| 11:54 | Build | Farm |
| 11:56 | Build | Farm |
| 11:58 | Build | Farm |
| 12:10 | Create | Archer |
| 12:16 | Create | Villager (Male) |
| 12:26 | Create | Archer |
| 12:27 | Build | Palisade Wall |
| 12:29 | Create | Archer |
| 12:34 | Build | Palisade Wall |
| 12:35 | Build | Palisade Wall |
| 12:37 | Build | Palisade Wall |
| 12:40 | Build | Palisade Wall |
| 12:46 | Build | Palisade Gate |
| 12:51 | Build | Palisade Wall |
| 12:53 | Create | Villager (Male) |
| 13:04 | Create | Archer |
| 13:10 | Build | Farm |
| 13:24 | Create | Villager (Male) |
| 13:30 | Build | House |
| 13:33 | Build | Farm |
| 13:35 | Research | Town Watch |
| 13:38 | Build | Palisade Wall |
| 13:49 | Research | Fletching |
| 13:51 | Create | Archer |
| 14:00 | Create | Villager (Male) |
| 14:05 | Build | House |
| 14:10 | Create | Archer |
| 14:18 | Build | Farm |
| 14:25 | Create | Villager (Male) |
| 14:30 | Create | Archer |
| 14:43 | Create | Villager (Male) |
| 14:47 | Create | Archer |
| 15:00 | Create | Villager (Male) |
| 15:13 | Create | Villager (Male) |
| 15:21 | Build | House |
| 15:26 | Create | Archer |
| 15:28 | Create | Villager (Male) |
| 16:11 | Create | Archer |
| 16:11 | Create | Villager (Male) |
| 16:12 | Create | Archer |
| 16:17 | Build | Market |
| 16:21 | Create | Villager (Male) |
| 16:29 | Create | Archer |
| 16:42 | Create | Archer |
| 16:51 | Build | House |
| 16:58 | Create | Villager (Male) |
| 17:01 | Build | House |
| 17:02 | Build | House |
| 17:11 | Create | Archer |
| 17:15 | Create | Villager (Male) |
| 17:18 | Build | House |
| 17:20 | Create | Villager (Male) |
| 17:28 | Create | Archer |
| 17:46 | Build | Farm |
| 17:49 | Create | Archer |
| 17:59 | Create | Archer |
| 18:13 | Create | Villager (Male) |
| 18:27 | Create | Villager (Male) |
| 18:51 | Create | Villager (Male) |
| 18:53 | Create | Villager (Male) |
| 19:06 | Build | Lumber Camp |
| 19:10 | Research | Castle Age |
| 19:12 | Create | Archer |
| 19:12 | Create | Archer |
| 19:30 | Build | Palisade Wall |
| 19:38 | Create | Archer |
| 19:40 | Create | Villager (Male) |
| 20:01 | Create | Archer |
| 20:11 | Create | Archer |
| 20:44 | Create | Archer |
| 20:49 | Create | Villager (Male) |
| 20:50 | Build | House |
| 20:59 | Create | Archer |
| 21:42 | Create | Archer |
| 21:50 | Age | Castle Age |
| 21:59 | Research | Crossbowman (upgrade) |
| 22:08 | Research | Bodkin Arrow |
| 22:08 | Research | Bodkin Arrow |
| 22:14 | Build | University |
| 22:16 | Create | Archer |
| 22:23 | Build | Farm |
| 22:24 | Build | Farm |
| 22:26 | Build | Farm |
| 22:28 | Build | Farm |
| 22:30 | Build | Farm |
| 22:36 | Create | Villager (Male) |
| 22:50 | Create | Archer |
| 22:59 | Create | Archer |
| 23:13 | Create | Villager (Male) |
| 23:27 | Create | Villager (Male) |
| 23:28 | Create | Archer |
| 23:29 | Create | Villager (Male) |
| 23:32 | Build | Farm |
| 23:33 | Build | Farm |
| 23:34 | Build | Farm |
Build order — T1m
First 150 of 263 actions detected
| 0:01 | Create | Villager (Male) |
| 0:01 | Create | Villager (Male) |
| 0:02 | Build | House |
| 0:03 | Build | House |
| 0:07 | Create | Villager (Male) |
| 0:08 | Create | Villager (Male) |
| 1:27 | Create | Villager (Male) |
| 1:54 | Build | Lumber Camp |
| 1:57 | Create | Villager (Male) |
| 2:19 | Create | Villager (Male) |
| 2:38 | Create | Villager (Male) |
| 3:10 | Create | Villager (Male) |
| 3:11 | Create | Villager (Male) |
| 3:30 | Create | Villager (Male) |
| 3:50 | Build | House |
| 3:58 | Create | Villager (Male) |
| 3:59 | Create | Villager (Male) |
| 3:59 | Create | Villager (Male) |
| 4:36 | Create | Villager (Male) |
| 4:49 | Build | Mill |
| 5:11 | Create | Villager (Male) |
| 5:28 | Research | Loom |
| 6:16 | Research | Feudal Age |
| 7:02 | Create | Villager (Male) |
| 7:24 | Build | Barracks |
| 7:34 | Build | House |
| 8:26 | Age | Feudal Age |
| 8:29 | Build | Stable |
| 8:38 | Create | Villager (Male) |
| 8:52 | Build | House |
| 8:54 | Create | Villager (Male) |
| 9:11 | Create | Scout Cavalry |
| 9:26 | Create | Villager (Male) |
| 9:27 | Create | Scout Cavalry |
| 9:43 | Research | Double-Bit Axe |
| 9:44 | Research | Horse Collar |
| 9:49 | Build | House |
| 9:51 | Create | Villager (Male) |
| 10:15 | Create | Villager (Male) |
| 10:18 | Build | Palisade Wall |
| 10:25 | Build | House |
| 10:27 | Create | Scout Cavalry |
| 10:32 | Build | Farm |
| 10:33 | Create | Villager (Male) |
| 10:35 | Build | Farm |
| 10:56 | Build | Farm |
| 11:03 | Create | Villager (Male) |
| 11:19 | Create | Scout Cavalry |
| 11:28 | Create | Villager (Male) |
| 11:38 | Build | Farm |
| 11:40 | Build | Farm |
| 11:49 | Create | Villager (Male) |
| 11:51 | Build | Farm |
| 12:01 | Build | House |
| 12:12 | Build | Farm |
| 12:18 | Build | Farm |
| 12:21 | Create | Scout Cavalry |
| 12:34 | Build | Farm |
| 12:40 | Create | Villager (Male) |
| 12:44 | Build | Farm |
| 12:49 | Create | Villager (Male) |
| 12:50 | Build | House |
| 13:03 | Build | Farm |
| 13:07 | Create | Scout Cavalry |
| 13:11 | Build | House |
| 13:18 | Create | Villager (Male) |
| 13:32 | Create | Villager (Male) |
| 13:34 | Build | Farm |
| 13:36 | Build | Farm |
| 13:51 | Create | Scout Cavalry |
| 13:56 | Build | Farm |
| 14:11 | Create | Villager (Male) |
| 14:14 | Build | Farm |
| 14:20 | Build | Farm |
| 14:23 | Build | Farm |
| 14:24 | Create | Scout Cavalry |
| 14:38 | Create | Villager (Male) |
| 14:41 | Build | Farm |
| 14:46 | Create | Scout Cavalry |
| 14:55 | Create | Villager (Male) |
| 14:57 | Build | Farm |
| 15:27 | Create | Scout Cavalry |
| 15:40 | Create | Scout Cavalry |
| 15:45 | Create | Villager (Male) |
| 15:47 | Build | Farm |
| 15:51 | Build | Farm |
| 15:55 | Build | Farm |
| 16:00 | Build | Mining Camp |
| 16:05 | Build | House |
| 16:45 | Create | Villager (Male) |
| 16:48 | Build | Blacksmith |
| 17:07 | Create | Scout Cavalry |
| 17:09 | Build | House |
| 17:10 | Create | Villager (Male) |
| 17:19 | Create | Villager (Male) |
| 17:23 | Build | House |
| 17:32 | Create | Villager (Male) |
| 17:49 | Build | Stable |
| 17:56 | Build | House |
| 17:57 | Build | House |
| 18:01 | Research | Town Watch |
| 18:02 | Create | Scout Cavalry |
| 18:07 | Research | Scale Barding Armor |
| 18:07 | Research | Scale Barding Armor |
| 18:09 | Create | Villager (Male) |
| 18:37 | Research | Forging |
| 18:39 | Create | Scout Cavalry |
| 18:40 | Create | Scout Cavalry |
| 18:41 | Create | Villager (Male) |
| 18:42 | Create | Scout Cavalry |
| 18:42 | Create | Scout Cavalry |
| 18:58 | Create | Villager (Male) |
| 19:03 | Build | Mining Camp |
| 19:06 | Build | House |
| 19:12 | Create | Scout Cavalry |
| 19:12 | Create | Scout Cavalry |
| 19:19 | Build | Stable |
| 19:27 | Build | House |
| 19:29 | Build | Palisade Wall |
| 19:32 | Build | Palisade Wall |
| 19:32 | Build | Palisade Wall |
| 19:39 | Build | Farm |
| 19:57 | Create | Villager (Male) |
| 19:59 | Create | Scout Cavalry |
| 19:59 | Create | Scout Cavalry |
| 20:01 | Create | Villager (Male) |
| 20:13 | Build | Farm |
| 20:25 | Create | Villager (Male) |
| 20:27 | Create | Scout Cavalry |
| 20:27 | Create | Scout Cavalry |
| 20:44 | Create | Scout Cavalry |
| 20:53 | Create | Villager (Male) |
| 20:54 | Create | Scout Cavalry |
| 20:54 | Create | Scout Cavalry |
| 21:07 | Create | Scout Cavalry |
| 21:18 | Create | Scout Cavalry |
| 21:19 | Create | Villager (Male) |
| 21:32 | Create | Scout Cavalry |
| 21:32 | Create | Scout Cavalry |
| 21:40 | Build | Lumber Camp |
| 21:56 | Create | Scout Cavalry |
| 21:57 | Create | Scout Cavalry |
| 22:06 | Create | Villager (Male) |
| 22:18 | Create | Scout Cavalry |
| 22:40 | Create | Scout Cavalry |
| 22:41 | Create | Scout Cavalry |
| 23:04 | Create | Scout Cavalry |
| 23:05 | Create | Scout Cavalry |
| 23:21 | Create | Villager (Male) |
| 23:22 | Create | Scout Cavalry |
Build order — DS_RJP
First 150 of 258 actions detected
| 0:14 | Research | Loom |
| 0:14 | Research | Loom |
| 0:56 | Create | Villager (Male) |
| 1:28 | Create | Villager (Male) |
| 1:45 | Create | Villager (Male) |
| 2:00 | Build | Lumber Camp |
| 2:12 | Create | Villager (Male) |
| 2:36 | Create | Villager (Male) |
| 2:36 | Create | Villager (Male) |
| 3:10 | Create | Villager (Male) |
| 3:32 | Create | Villager (Male) |
| 3:32 | Create | Villager (Male) |
| 3:48 | Build | House |
| 3:52 | Create | Villager (Male) |
| 3:52 | Create | Villager (Male) |
| 4:17 | Create | Villager (Male) |
| 4:19 | Create | Villager (Male) |
| 4:21 | Build | House |
| 4:49 | Create | Villager (Male) |
| 5:18 | Build | Mill |
| 5:29 | Create | Villager (Male) |
| 5:48 | Create | Villager (Male) |
| 6:25 | Create | Villager (Male) |
| 6:57 | Research | Feudal Age |
| 8:09 | Build | Barracks |
| 8:17 | Build | House |
| 8:18 | Build | Palisade Wall |
| 8:27 | Create | Villager (Male) |
| 9:07 | Age | Feudal Age |
| 9:10 | Build | Stable |
| 9:14 | Research | Double-Bit Axe |
| 9:21 | Create | Villager (Male) |
| 9:31 | Build | House |
| 9:43 | Build | Farm |
| 9:49 | Create | Scout Cavalry |
| 9:50 | Create | Scout Cavalry |
| 9:51 | Create | Villager (Male) |
| 9:59 | Build | Farm |
| 10:05 | Build | Farm |
| 10:14 | Build | House |
| 10:18 | Create | Villager (Male) |
| 10:20 | Build | House |
| 10:23 | Build | Palisade Wall |
| 10:34 | Build | Farm |
| 10:36 | Create | Villager (Male) |
| 10:47 | Build | Palisade Wall |
| 10:53 | Create | Scout Cavalry |
| 11:03 | Build | Palisade Wall |
| 11:10 | Build | Palisade Wall |
| 11:11 | Build | Palisade Wall |
| 11:23 | Build | Farm |
| 11:32 | Build | House |
| 11:35 | Build | Palisade Wall |
| 11:44 | Build | Palisade Wall |
| 12:09 | Create | Villager (Male) |
| 12:21 | Create | Villager (Male) |
| 12:46 | Create | Scout Cavalry |
| 12:47 | Create | Villager (Male) |
| 12:57 | Build | Farm |
| 12:58 | Build | Farm |
| 13:01 | Build | Farm |
| 13:07 | Create | Villager (Male) |
| 13:19 | Create | Villager (Male) |
| 13:22 | Build | House |
| 13:35 | Build | Blacksmith |
| 13:40 | Create | Villager (Male) |
| 14:03 | Build | Farm |
| 14:03 | Create | Scout Cavalry |
| 14:19 | Build | Farm |
| 14:20 | Build | Farm |
| 14:24 | Create | Villager (Male) |
| 14:26 | Build | Farm |
| 14:36 | Create | Villager (Male) |
| 15:00 | Build | Farm |
| 15:01 | Create | Scout Cavalry |
| 15:03 | Build | House |
| 15:04 | Build | House |
| 15:06 | Build | House |
| 15:07 | Create | Villager (Male) |
| 15:13 | Build | House |
| 15:15 | Build | Palisade Wall |
| 15:18 | Build | Palisade Wall |
| 15:20 | Build | Palisade Wall |
| 15:22 | Create | Spearman |
| 15:27 | Create | Villager (Male) |
| 15:59 | Create | Villager (Male) |
| 16:00 | Create | Spearman |
| 16:06 | Create | Villager (Male) |
| 16:06 | Create | Villager (Male) |
| 16:24 | Create | Scout Cavalry |
| 16:35 | Build | Palisade Wall |
| 16:47 | Build | Farm |
| 16:48 | Create | Scout Cavalry |
| 16:51 | Create | Villager (Male) |
| 16:52 | Create | Villager (Male) |
| 16:58 | Build | House |
| 17:01 | Build | Palisade Wall |
| 17:09 | Build | Mill |
| 17:11 | Create | Scout Cavalry |
| 17:23 | Create | Villager (Male) |
| 17:25 | Build | Farm |
| 17:35 | Build | Mining Camp |
| 17:38 | Create | Villager (Male) |
| 17:43 | Build | Palisade Wall |
| 17:44 | Build | Palisade Wall |
| 17:45 | Create | Villager (Male) |
| 18:01 | Create | Villager (Male) |
| 18:20 | Build | Palisade Wall |
| 18:21 | Build | Palisade Wall |
| 18:30 | Research | Scale Barding Armor |
| 18:44 | Create | Villager (Male) |
| 18:48 | Build | Farm |
| 18:58 | Research | Bloodlines |
| 19:00 | Create | Scout Cavalry |
| 19:08 | Create | Scout Cavalry |
| 19:14 | Build | Farm |
| 19:18 | Build | Farm |
| 19:22 | Create | Villager (Male) |
| 19:45 | Build | House |
| 19:59 | Research | Forging |
| 19:59 | Create | Villager (Male) |
| 20:09 | Build | Farm |
| 20:17 | Build | House |
| 20:19 | Create | Scout Cavalry |
| 20:21 | Create | Villager (Male) |
| 20:50 | Create | Villager (Male) |
| 21:09 | Create | Villager (Male) |
| 21:32 | Create | Scout Cavalry |
| 21:34 | Create | Villager (Male) |
| 22:04 | Create | Scout Cavalry |
| 22:08 | Create | Villager (Male) |
| 22:10 | Create | Villager (Male) |
| 22:21 | Build | Market |
| 22:24 | Create | Scout Cavalry |
| 22:44 | Create | Scout Cavalry |
| 22:47 | Create | Scout Cavalry |
| 23:03 | Create | Scout Cavalry |
| 23:10 | Create | Villager (Male) |
| 23:13 | Build | Lumber Camp |
| 23:16 | Create | Scout Cavalry |
| 23:17 | Create | Scout Cavalry |
| 23:20 | Create | Scout Cavalry |
| 23:42 | Build | House |
| 23:49 | Research | Castle Age |
| 23:53 | Build | Farm |
| 24:19 | Build | Farm |
| 24:29 | Build | Stable |
| 25:30 | Build | Farm |
| 25:34 | Build | Farm |
| 25:37 | Build | Farm |
Build order — _The_Lion
First 150 of 206 actions detected
| 0:02 | Create | Villager (Male) |
| 0:02 | Create | Villager (Male) |
| 0:03 | Build | House |
| 0:04 | Build | House |
| 0:20 | Create | Villager (Male) |
| 0:21 | Create | Villager (Male) |
| 0:21 | Create | Villager (Male) |
| 1:25 | Create | Villager (Male) |
| 1:25 | Create | Villager (Male) |
| 2:04 | Create | Villager (Male) |
| 2:05 | Create | Villager (Male) |
| 2:13 | Create | Villager (Male) |
| 2:34 | Build | Lumber Camp |
| 2:56 | Create | Villager (Male) |
| 2:56 | Create | Villager (Male) |
| 3:07 | Create | Villager (Male) |
| 3:25 | Create | Villager (Male) |
| 3:25 | Create | Villager (Male) |
| 3:52 | Build | House |
| 4:10 | Create | Villager (Male) |
| 4:10 | Create | Villager (Male) |
| 4:56 | Create | Villager (Male) |
| 5:15 | Create | Villager (Male) |
| 5:15 | Create | Villager (Male) |
| 5:33 | Build | Barracks |
| 5:34 | Build | House |
| 6:03 | Research | Loom |
| 6:14 | Build | House |
| 7:06 | Research | Feudal Age |
| 7:14 | Build | Mining Camp |
| 7:20 | Create | Militia |
| 8:05 | Create | Militia |
| 8:09 | Build | Mill |
| 8:29 | Create | Militia |
| 8:29 | Create | Militia |
| 8:50 | Create | Militia |
| 9:16 | Age | Feudal Age |
| 9:28 | Create | Villager (Male) |
| 9:28 | Create | Villager (Male) |
| 9:28 | Create | Villager (Male) |
| 10:02 | Create | Villager (Male) |
| 10:23 | Build | House |
| 10:25 | Create | Villager (Male) |
| 10:28 | Build | Archery Range |
| 10:31 | Build | Palisade Wall |
| 10:41 | Build | House |
| 10:48 | Build | Farm |
| 10:50 | Create | Villager (Male) |
| 11:27 | Create | Villager (Male) |
| 11:30 | Create | Villager (Male) |
| 11:33 | Create | Archer |
| 12:15 | Create | Archer |
| 12:18 | Build | Archery Range |
| 12:32 | Create | Villager (Male) |
| 12:35 | Build | Farm |
| 12:37 | Build | Farm |
| 12:38 | Build | Farm |
| 12:39 | Create | Villager (Male) |
| 12:42 | Create | Archer |
| 12:59 | Create | Archer |
| 13:03 | Build | House |
| 13:05 | Create | Archer |
| 13:18 | Create | Archer |
| 13:35 | Create | Villager (Male) |
| 13:40 | Create | Archer |
| 13:56 | Create | Archer |
| 13:57 | Create | Villager (Male) |
| 14:05 | Create | Archer |
| 14:16 | Create | Villager (Male) |
| 14:23 | Create | Archer |
| 14:27 | Build | House |
| 14:32 | Build | House |
| 14:35 | Build | House |
| 14:37 | Build | Palisade Wall |
| 14:39 | Build | House |
| 14:44 | Build | House |
| 15:01 | Build | Blacksmith |
| 15:15 | Create | Archer |
| 15:15 | Create | Archer |
| 15:26 | Build | House |
| 15:30 | Build | House |
| 15:33 | Build | Palisade Wall |
| 15:44 | Build | House |
| 16:02 | Research | Fletching |
| 16:04 | Create | Villager (Male) |
| 16:04 | Create | Villager (Male) |
| 16:04 | Create | Villager (Male) |
| 16:15 | Create | Archer |
| 16:15 | Create | Archer |
| 16:16 | Create | Archer |
| 16:16 | Create | Archer |
| 16:16 | Create | Archer |
| 16:20 | Build | House |
| 16:24 | Build | Palisade Wall |
| 16:28 | Research | Padded Archer Armor |
| 16:41 | Create | Archer |
| 16:41 | Create | Archer |
| 17:16 | Create | Villager (Male) |
| 17:24 | Build | Farm |
| 17:42 | Create | Archer |
| 17:42 | Create | Archer |
| 17:51 | Create | Villager (Male) |
| 17:52 | Build | Farm |
| 17:53 | Build | Farm |
| 18:04 | Build | Farm |
| 18:06 | Create | Villager (Male) |
| 18:44 | Create | Villager (Male) |
| 18:58 | Create | Archer |
| 18:58 | Create | Archer |
| 18:58 | Create | Archer |
| 18:59 | Create | Villager (Male) |
| 19:05 | Create | Villager (Male) |
| 19:08 | Build | Lumber Camp |
| 19:16 | Create | Archer |
| 19:28 | Build | Farm |
| 19:36 | Create | Archer |
| 19:37 | Create | Archer |
| 19:58 | Create | Archer |
| 19:58 | Create | Archer |
| 19:59 | Create | Archer |
| 19:59 | Create | Archer |
| 20:10 | Create | Archer |
| 20:10 | Create | Archer |
| 20:12 | Create | Villager (Male) |
| 20:12 | Create | Villager (Male) |
| 20:13 | Create | Villager (Male) |
| 20:13 | Create | Villager (Male) |
| 20:13 | Create | Villager (Male) |
| 20:39 | Create | Villager (Male) |
| 20:40 | Create | Villager (Male) |
| 21:01 | Build | Farm |
| 21:14 | Create | Archer |
| 21:14 | Create | Archer |
| 21:14 | Create | Archer |
| 21:23 | Build | House |
| 21:26 | Build | Farm |
| 21:27 | Build | Farm |
| 21:37 | Create | Villager (Male) |
| 21:37 | Create | Villager (Male) |
| 22:09 | Create | Archer |
| 22:09 | Create | Archer |
| 22:12 | Create | Villager (Male) |
| 22:16 | Build | Farm |
| 22:17 | Build | Farm |
| 22:18 | Build | Farm |
| 22:19 | Build | Farm |
| 22:19 | Build | Farm |
| 23:28 | Build | Farm |
| 23:37 | Build | Watch Tower |
| 24:02 | Build | Market |
Build order — DL | Tortafuller
First 150 of 342 actions detected
| 0:01 | Create | Villager (Male) |
| 0:01 | Create | Villager (Male) |
| 0:01 | Create | Villager (Male) |
| 0:02 | Create | Villager (Male) |
| 0:02 | Create | Villager (Male) |
| 0:02 | Create | Villager (Male) |
| 0:03 | Build | House |
| 0:05 | Build | House |
| 1:31 | Create | Villager (Male) |
| 2:03 | Create | Villager (Male) |
| 2:22 | Build | Lumber Camp |
| 2:26 | Create | Villager (Male) |
| 2:26 | Create | Villager (Male) |
| 2:57 | Research | Loom |
| 3:15 | Create | Villager (Male) |
| 3:16 | Create | Villager (Male) |
| 3:37 | Create | Villager (Male) |
| 3:37 | Create | Villager (Male) |
| 3:51 | Build | House |
| 4:08 | Create | Villager (Male) |
| 4:08 | Create | Villager (Male) |
| 4:08 | Create | Villager (Male) |
| 4:42 | Build | Mill |
| 4:47 | Create | Villager (Male) |
| 4:47 | Create | Villager (Male) |
| 5:24 | Create | Villager (Male) |
| 6:04 | Create | Villager (Male) |
| 6:05 | Create | Villager (Male) |
| 7:09 | Research | Feudal Age |
| 7:50 | Build | Barracks |
| 7:53 | Create | Villager (Male) |
| 8:20 | Create | Villager (Male) |
| 8:26 | Build | House |
| 9:19 | Age | Feudal Age |
| 9:21 | Build | Stable |
| 9:31 | Create | Villager (Male) |
| 9:35 | Research | Double-Bit Axe |
| 9:44 | Create | Villager (Male) |
| 10:07 | Create | Scout Cavalry |
| 10:07 | Create | Scout Cavalry |
| 10:08 | Create | Scout Cavalry |
| 10:19 | Build | House |
| 10:22 | Build | Farm |
| 10:25 | Build | Palisade Wall |
| 10:33 | Create | Villager (Male) |
| 10:44 | Research | Horse Collar |
| 10:50 | Build | Farm |
| 10:50 | Build | Farm |
| 10:55 | Build | House |
| 11:15 | Create | Scout Cavalry |
| 11:18 | Build | Farm |
| 11:19 | Build | Farm |
| 11:22 | Build | Palisade Wall |
| 11:24 | Build | Palisade Wall |
| 11:39 | Build | Farm |
| 11:41 | Create | Villager (Male) |
| 12:09 | Build | Palisade Wall |
| 12:12 | Build | Palisade Wall |
| 12:17 | Create | Villager (Male) |
| 12:18 | Build | Farm |
| 12:20 | Build | Farm |
| 12:34 | Create | Villager (Male) |
| 12:37 | Build | Farm |
| 12:39 | Create | Villager (Male) |
| 12:43 | Create | Scout Cavalry |
| 12:43 | Create | Scout Cavalry |
| 12:44 | Create | Villager (Male) |
| 12:44 | Create | Villager (Male) |
| 12:56 | Build | House |
| 12:59 | Build | Palisade Wall |
| 13:02 | Build | Farm |
| 13:09 | Create | Villager (Male) |
| 13:16 | Create | Villager (Male) |
| 13:19 | Build | Farm |
| 13:24 | Build | Farm |
| 13:37 | Create | Scout Cavalry |
| 13:42 | Build | Farm |
| 13:44 | Create | Villager (Male) |
| 13:48 | Build | Palisade Wall |
| 14:08 | Create | Scout Cavalry |
| 14:08 | Create | Scout Cavalry |
| 14:13 | Build | Farm |
| 14:17 | Create | Villager (Male) |
| 14:22 | Build | Palisade Wall |
| 14:25 | Build | House |
| 14:27 | Build | Palisade Wall |
| 14:28 | Create | Villager (Male) |
| 14:35 | Build | Farm |
| 14:36 | Create | Villager (Male) |
| 14:40 | Create | Scout Cavalry |
| 14:40 | Create | Scout Cavalry |
| 14:45 | Create | Villager (Male) |
| 14:48 | Create | Villager (Male) |
| 15:14 | Build | Blacksmith |
| 15:21 | Create | Villager (Male) |
| 15:25 | Build | Farm |
| 15:28 | Create | Scout Cavalry |
| 15:28 | Create | Scout Cavalry |
| 16:01 | Create | Villager (Male) |
| 16:02 | Create | Scout Cavalry |
| 16:02 | Create | Scout Cavalry |
| 16:07 | Build | Mining Camp |
| 16:22 | Create | Villager (Male) |
| 16:27 | Create | Villager (Male) |
| 16:28 | Build | Farm |
| 16:29 | Build | Farm |
| 16:52 | Create | Villager (Male) |
| 16:56 | Build | Farm |
| 16:56 | Build | Farm |
| 16:57 | Create | Villager (Male) |
| 17:19 | Create | Scout Cavalry |
| 17:32 | Research | Scale Barding Armor |
| 17:43 | Build | Farm |
| 17:44 | Build | Farm |
| 18:04 | Create | Villager (Male) |
| 18:06 | Research | Wheelbarrow |
| 18:25 | Build | Farm |
| 19:08 | Research | Forging |
| 19:13 | Create | Scout Cavalry |
| 19:21 | Create | Villager (Male) |
| 19:23 | Build | House |
| 19:39 | Build | Lumber Camp |
| 19:50 | Create | Villager (Male) |
| 19:53 | Create | Villager (Male) |
| 19:56 | Build | House |
| 20:25 | Research | Castle Age |
| 20:53 | Research | Gold Mining |
| 20:53 | Research | Gold Mining |
| 21:00 | Create | Scout Cavalry |
| 21:00 | Create | Scout Cavalry |
| 21:11 | Create | Scout Cavalry |
| 21:18 | Create | Villager (Male) |
| 21:37 | Build | Stable |
| 21:50 | Create | Villager (Male) |
| 21:56 | Build | House |
| 21:57 | Build | House |
| 22:32 | Build | Stable |
| 22:45 | Build | House |
| 23:05 | Age | Castle Age |
| 23:13 | Build | Town Center |
| 23:18 | Build | Palisade Wall |
| 23:21 | Research | Bloodlines |
| 23:21 | Create | Knight |
| 23:21 | Create | Knight |
| 23:22 | Create | Knight |
| 23:22 | Create | Knight ×5 |
| 23:22 | Create | Knight ×5 |
| 23:33 | Create | Villager (Male) |
| 23:52 | Create | Knight |
| 23:53 | Create | Knight |
Build order — DS_Moai
First 150 of 233 actions detected
| 0:01 | Create | Villager (Male) |
| 0:01 | Create | Villager (Male) |
| 0:01 | Create | Villager (Male) |
| 0:02 | Build | House |
| 0:03 | Build | House |
| 0:10 | Create | Villager (Male) |
| 0:10 | Create | Villager (Male) |
| 1:41 | Create | Villager (Male) |
| 2:01 | Create | Villager (Male) |
| 2:01 | Create | Villager (Male) |
| 2:26 | Create | Villager (Male) |
| 2:26 | Create | Villager (Male) |
| 2:26 | Create | Villager (Male) |
| 2:39 | Build | Lumber Camp |
| 2:50 | Create | Villager (Male) |
| 2:50 | Create | Villager (Male) |
| 3:29 | Create | Villager (Male) |
| 3:50 | Build | House |
| 4:02 | Create | Villager (Male) |
| 4:30 | Create | Villager (Male) |
| 4:57 | Create | Villager (Male) |
| 5:05 | Build | Mining Camp |
| 5:22 | Create | Villager (Male) |
| 5:48 | Research | Loom |
| 6:19 | Research | Feudal Age |
| 6:57 | Build | House |
| 7:23 | Build | Barracks |
| 8:22 | Create | Villager (Male) |
| 8:29 | Age | Feudal Age |
| 8:34 | Build | Archery Range |
| 8:38 | Build | Archery Range |
| 8:45 | Create | Villager (Male) |
| 9:09 | Create | Villager (Male) |
| 9:27 | Create | Archer |
| 9:32 | Build | House |
| 9:42 | Create | Villager (Male) |
| 9:46 | Build | Blacksmith |
| 9:52 | Create | Archer |
| 10:04 | Create | Villager (Male) |
| 10:11 | Build | Mill |
| 10:16 | Create | Archer |
| 10:30 | Create | Villager (Male) |
| 10:43 | Create | Archer |
| 10:55 | Build | Palisade Wall |
| 10:58 | Create | Villager (Male) |
| 11:05 | Build | House |
| 11:06 | Create | Archer |
| 11:13 | Create | Archer |
| 11:29 | Create | Villager (Male) |
| 11:38 | Create | Archer |
| 12:03 | Create | Archer |
| 12:13 | Create | Archer |
| 12:31 | Research | Fletching |
| 12:33 | Build | House |
| 12:35 | Create | Archer |
| 12:44 | Build | Farm |
| 12:44 | Build | Farm |
| 12:46 | Create | Archer |
| 13:02 | Build | Palisade Wall |
| 13:08 | Create | Villager (Male) |
| 13:11 | Create | Archer |
| 13:27 | Create | Archer |
| 13:33 | Build | Archery Range |
| 13:38 | Create | Villager (Male) |
| 13:48 | Build | House |
| 13:50 | Create | Archer |
| 14:08 | Create | Villager (Male) |
| 14:11 | Build | Farm |
| 14:21 | Build | Palisade Wall |
| 14:32 | Create | Villager (Male) |
| 14:35 | Create | Archer |
| 14:35 | Create | Archer |
| 14:42 | Create | Archer |
| 14:52 | Build | House |
| 14:57 | Create | Villager (Male) |
| 15:01 | Research | Double-Bit Axe |
| 15:21 | Create | Archer |
| 15:32 | Create | Villager (Male) |
| 15:36 | Build | House |
| 15:41 | Create | Archer |
| 15:48 | Create | Villager (Male) |
| 15:49 | Create | Archer |
| 15:50 | Build | Farm |
| 16:06 | Create | Spearman |
| 16:12 | Build | Palisade Wall |
| 16:14 | Create | Archer |
| 16:34 | Create | Villager (Male) |
| 16:57 | Create | Archer |
| 16:57 | Create | Archer |
| 17:12 | Create | Villager (Male) |
| 17:15 | Build | Market |
| 17:21 | Create | Archer |
| 17:42 | Create | Villager (Male) |
| 17:47 | Create | Archer |
| 17:47 | Create | Archer |
| 17:51 | Create | Villager (Male) |
| 17:58 | Build | Palisade Wall |
| 18:09 | Create | Archer |
| 18:09 | Create | Archer |
| 18:13 | Build | Farm |
| 18:16 | Build | Farm |
| 18:24 | Create | Archer |
| 18:28 | Build | House |
| 18:36 | Create | Villager (Male) |
| 18:41 | Build | House |
| 18:46 | Create | Archer |
| 19:07 | Build | Farm |
| 19:09 | Build | Farm |
| 19:15 | Create | Villager (Male) |
| 19:27 | Create | Archer |
| 19:27 | Create | Archer |
| 19:40 | Create | Archer |
| 19:49 | Build | Lumber Camp |
| 19:52 | Create | Villager (Male) |
| 19:59 | Build | House |
| 20:05 | Create | Archer |
| 20:07 | Create | Villager (Male) |
| 20:19 | Create | Villager (Male) |
| 20:20 | Create | Archer |
| 20:34 | Build | Farm |
| 21:05 | Build | Lumber Camp |
| 21:24 | Build | Mining Camp |
| 22:06 | Create | Spearman |
| 22:17 | Research | Castle Age |
| 23:13 | Create | Archer |
| 23:13 | Create | Archer |
| 23:13 | Create | Archer |
| 23:20 | Create | Archer |
| 23:20 | Create | Archer |
| 23:39 | Create | Archer |
| 23:52 | Research | Padded Archer Armor |
| 23:57 | Research | Gold Mining |
| 24:02 | Build | Palisade Gate |
| 24:05 | Build | House |
| 24:11 | Build | Farm |
| 24:12 | Build | Farm |
| 24:16 | Build | Farm |
| 24:17 | Build | Farm |
| 24:19 | Build | Farm |
| 24:23 | Create | Archer |
| 24:23 | Create | Archer |
| 24:46 | Create | Villager (Male) |
| 24:57 | Age | Castle Age |
| 25:13 | Research | Crossbowman (upgrade) |
| 25:54 | Research | Bodkin Arrow |
| 26:04 | Create | Archer |
| 26:04 | Create | Archer |
| 26:11 | Create | Villager (Male) |
| 26:28 | Create | Villager (Male) |
| 26:29 | Create | Archer |
Match timeline
| 5:33 | _The_Lion · first_building Barracks |
| 5:51 | NachoMontes · first_building Barracks |
| 7:04 | DS_TheHeartless · wall_segment Palisade Wall x1 |
| 7:05 | DS_TheHeartless · wall_segment Palisade Wall x1 |
| 7:08 | DS_TheHeartless · wall_segment Palisade Wall x4 |
| 7:23 | DS_Moai · first_building Barracks |
| 7:24 | T1m · first_building Barracks |
| 7:25 | Tarkha · first_building Barracks |
| 7:28 | DS_TheHeartless · wall_segment Palisade Wall x1 |
| 7:31 | DS_TheHeartless · wall_segment Palisade Wall x3 |
| 7:50 | DL | Tortafuller · first_building Barracks |
| 8:03 | DS_TheHeartless · first_building Barracks |
| 8:09 | DS_RJP · first_building Barracks |
| 8:10 | DS_TheHeartless · wall_segment Palisade Wall x1 |
| 8:18 | DS_RJP · wall_segment Palisade Wall x1 |
| 8:26 | T1m · age_up feudal |
| 8:29 | DS_Moai · age_up feudal |
| 8:29 | T1m · first_building Stable |
| 8:34 | DS_Moai · first_building Archery Range |
| 8:56 | DS_TheHeartless · age_up feudal |
| 8:58 | DS_TheHeartless · first_building Archery Range |
| 9:07 | NachoMontes · age_up feudal |
| 9:07 | DS_RJP · age_up feudal |
| 9:09 | NachoMontes · first_building Archery Range |
| 9:10 | DS_RJP · first_building Stable |
| 9:14 | DS_TheHeartless · wall_segment Palisade Wall x3 |
| 9:15 | DS_TheHeartless · wall_segment Palisade Wall x3 |
| 9:16 | _The_Lion · age_up feudal |
| 9:19 | DL | Tortafuller · age_up feudal |
| 9:21 | DL | Tortafuller · first_building Stable |
| 9:27 | Tarkha · age_up feudal |
| 9:31 | Tarkha · first_building Stable |
| 9:54 | NachoMontes · wall_segment Palisade Wall x1 |
| 10:18 | T1m · wall_segment Palisade Wall x1 |
| 10:20 | DS_TheHeartless · wall_segment Palisade Wall x1 |
| 10:23 | DS_TheHeartless · wall_segment Palisade Wall x1 |
| 10:23 | DS_RJP · wall_segment Palisade Wall x7 |
| 10:25 | DL | Tortafuller · wall_segment Palisade Wall x3 |
| 10:28 | _The_Lion · first_building Archery Range |
| 10:31 | _The_Lion · wall_segment Palisade Wall x1 |
| 10:35 | NachoMontes · wall_segment Palisade Wall x7 |
| 10:47 | DS_RJP · wall_segment Palisade Wall x5 |
| 10:55 | DS_Moai · wall_segment Palisade Wall x14 |
| 11:03 | DS_RJP · wall_segment Palisade Wall x5 |
| 11:10 | DS_RJP · wall_segment Palisade Wall x1 |
| 11:11 | DS_RJP · wall_segment Palisade Wall x1 |
| 11:22 | DL | Tortafuller · wall_segment Palisade Wall x1 |
| 11:24 | DL | Tortafuller · wall_segment Palisade Wall x11 |
| 11:35 | DS_RJP · wall_segment Palisade Wall x4 |
| 11:44 | DS_RJP · wall_segment Palisade Wall x1 |
| 12:09 | DL | Tortafuller · wall_segment Palisade Wall x4 |
| 12:12 | DL | Tortafuller · wall_segment Palisade Wall x1 |
| 12:27 | DS_TheHeartless · wall_segment Palisade Wall x1 |
| 12:34 | DS_TheHeartless · wall_segment Palisade Wall x1 |
| 12:35 | DS_TheHeartless · wall_segment Palisade Wall x3 |
| 12:37 | DS_TheHeartless · wall_segment Palisade Wall x5 |
| 12:40 | DS_TheHeartless · wall_segment Palisade Wall x1 |
| 12:51 | DS_TheHeartless · wall_segment Palisade Wall x1 |
| 12:59 | DL | Tortafuller · wall_segment Palisade Wall x3 |
| 13:02 | DS_Moai · wall_segment Palisade Wall x3 |
| 13:38 | DS_TheHeartless · wall_segment Palisade Wall x1 |
| 13:48 | DL | Tortafuller · wall_segment Palisade Wall x12 |
| 14:21 | DS_Moai · wall_segment Palisade Wall x7 |
| 14:22 | DL | Tortafuller · wall_segment Palisade Wall x1 |
| 14:27 | DL | Tortafuller · wall_segment Palisade Wall x11 |
| 14:37 | _The_Lion · wall_segment Palisade Wall x1 |
| 15:15 | DS_RJP · wall_segment Palisade Wall x1 |
| 15:18 | DS_RJP · wall_segment Palisade Wall x1 |
| 15:20 | DS_RJP · wall_segment Palisade Wall x1 |
| 15:20 | NachoMontes · wall_segment Palisade Wall x6 |
| 15:33 | _The_Lion · wall_segment Palisade Wall x1 |
| 16:12 | DS_Moai · wall_segment Palisade Wall x5 |
| 16:12 | NachoMontes · first_market_buy 100 food |
| 16:24 | _The_Lion · wall_segment Palisade Wall x7 |
| 16:35 | DS_RJP · wall_segment Palisade Wall x1 |
| 17:01 | DS_RJP · wall_segment Palisade Wall x4 |
| 17:25 | DS_TheHeartless · first_market_sell 500 stone |
| 17:26 | DS_TheHeartless · first_market_buy 100 food |
| 17:43 | DS_RJP · wall_segment Palisade Wall x5 |
| 17:44 | DS_RJP · wall_segment Palisade Wall x11 |
| 17:45 | NachoMontes · first_market_sell 100 wood |
| 17:56 | NachoMontes · wall_segment Palisade Wall x5 |
| 17:58 | DS_Moai · wall_segment Palisade Wall x17 |
| 18:20 | DS_RJP · wall_segment Palisade Wall x13 |
| 18:21 | DS_RJP · wall_segment Palisade Wall x1 |
| 19:29 | T1m · wall_segment Palisade Wall x4 |
| 19:30 | DS_TheHeartless · wall_segment Palisade Wall x1 |
| 19:32 | T1m · wall_segment Palisade Wall x1 |
| 19:32 | T1m · wall_segment Palisade Wall x1 |
| 19:42 | Tarkha · wall_segment Palisade Wall x1 |
| 20:24 | DS_Moai · first_market_sell 100 stone |
| 20:25 | DS_Moai · first_market_buy 100 food |
| 21:19 | Tarkha · first_market_buy 100 food |
| 21:20 | Tarkha · first_market_sell 100 wood |
| 21:32 | NachoMontes · age_up castle |
| 21:34 | NachoMontes · first_building Siege Workshop |
| 21:50 | DS_TheHeartless · age_up castle |
| 23:05 | DL | Tortafuller · age_up castle |
| 23:18 | DL | Tortafuller · wall_segment Palisade Wall x3 |
| 23:30 | Tarkha · wall_segment Stone Wall x8 |
| 23:32 | DS_RJP · first_market_buy 100 food |
| 23:32 | Tarkha · wall_segment Stone Wall x1 |
| 23:33 | Tarkha · wall_segment Stone Wall x1 |
| 24:18 | Tarkha · age_up castle |
| 24:47 | _The_Lion · first_market_buy 100 food |
| 24:52 | T1m · wall_segment Stone Wall x13 |
| 24:57 | DS_Moai · age_up castle |
| 26:29 | DS_RJP · age_up castle |
| 27:35 | _The_Lion · age_up castle |
| 27:44 | T1m · age_up castle |
| 28:54 | DS_Moai · wall_segment Palisade Wall x1 |
| 28:59 | _The_Lion · wall_segment Palisade Wall x1 |
| 29:55 | DS_RJP · first_market_sell 100 food |
| 29:59 | DS_TheHeartless · first_building Monastery |
| 30:22 | _The_Lion · first_building Stable |
| 30:39 | DL | Tortafuller · first_market_buy 100 food |
| 31:50 | NachoMontes · first_building Stable |
| 32:10 | T1m · wall_segment Palisade Wall x1 |
| 32:43 | _The_Lion · first_market_sell 100 wood |
| 34:14 | Tarkha · wall_segment Stone Wall x1 |
| 34:23 | T1m · first_market_sell 100 wood |
| 34:41 | T1m · wall_segment Palisade Wall x1 |
| 34:49 | Tarkha · wall_segment Stone Wall x1 |
| 34:53 | NachoMontes · resign |
[ AI ANALYSIS · 1 CREDIT ]
What really happened in this match?
Wolo.gg analyzes every decision: build order, eco, micro, common mistakes by bracket. Personalized analysis on WhatsApp or Discord in 30 seconds.
Civ guide
Spanish
Perfil
NachoMontes